AoeStats
← MkobeW

Arena

510235076Analyzed
4v4 RM · 1d ago on Sep 30, 2026· 48m 14s· 8 players
Game mode
Random Map
Map size
Large (8 player)
Population
200
Speed
Normal
Resources
Standard
Victory
Conquest
Starting age
Dark Age
Ending age
Imperial Age
RankedLock teamsTeams togetherTeam positionsShared explorationLock speedFull tech treeHidden civsTurbo modeCheats
Victory
Defeat
🇷🇺 Britons · Russia
1223
+15
🇲🇽 Italians · Mexico
1216
+15
🇺🇸 Georgians · United States
1209
+36
🇺🇸 Khmer · United States
1197
+16
🇨🇴 Saxons · Colombia
1218
-16
🇵🇪 Goths · Peru
1214
-16
🇦🇷 Khitans · Argentina
1188
-15
🇨🇴 Portuguese · Colombia
1165
-14
Cabeza
10:50 Feudal Age
14:34 Castle Age
12:28 Double-Bit Axe
12:36 Domestication
15:06 Wheelbarrow
18:21 Bow Saw
19:59 Pastoralism
21:46 Gold Mining
22:03 Stone Mining
25:23 Hand Cart
26:14 Loom
26:51 Forging
29:49 Imperial Age
27:32 Scale Barding Armor
28:02 Iron Casting
28:32 Chain Barding Armor
28:51 Husbandry
30:17 Elite Steppe Lancer
31:36 Plate Barding Armor
32:33 Two-Man Saw
32:08 Transhumance
36:41 Padded Archer Armor
36:32 Fletching
38:41 Scale Mail Armor
39:25 Gambesons
39:56 Elite Fire Lancer
40:37 Squires
40:55 Chain Mail Armor
40:54 Arson
41:07 Bodkin Arrow
41:28 Leather Archer Armor
CTM | Kiara
11:33 Feudal Age
11:16 Loom
16:56 Castle Age
15:14 Town Watch
16:20 Double-Bit Axe
16:16 Horse Collar
20:52 Wheelbarrow
21:09 Town Patrol
21:45 Hand Cart
26:00 Imperial Age
24:03 Bow Saw
24:44 Gold Mining
24:47 Stone Mining
24:57 Fletching
26:05 Bodkin Arrow
26:51 Bracer
29:34 Chemistry
30:17 Conscription
31:39 Stone Shaft Mining
32:07 Scale Barding Armor
32:12 Forging
32:52 Murder Holes
33:11 Masonry
35:05 Arquebus
36:32 Two-Man Saw
36:24 Elite Organ Gun
38:35 Chain Barding Armor
38:50 Iron Casting
40:07 Bloodlines
39:57 Husbandry
39:18 Cavalier
Pe | xfirecorsair
11:14 Feudal Age
15:16 Castle Age
13:08 Horse Collar
13:25 Double-Bit Axe
16:24 Heavy Plow
16:39 Bow Saw
17:49 Loom
21:26 Stone Mining
23:58 Scale Mail Armor
23:33 Pikeman
25:16 Squires
26:14 Wheelbarrow
27:19 Chain Mail Armor
28:04 Hand Cart
32:44 Imperial Age
30:49 Forging
31:55 Iron Casting
31:34 Gold Mining
31:53 Anarchy
31:43 Town Watch
32:49 Elite Huskarl
33:33 Perfusion
33:28 Halberdier
36:35 Blast Furnace
36:37 Conscription
DSLG | Tlaloc159
10:13 Feudal Age
12:52 Wheelbarrow
15:09 Castle Age
13:31 Double-Bit Axe
13:28 Horse Collar
18:23 Loom
20:51 Bow Saw
21:43 Town Watch
25:20 Fletching
26:10 Atonement
26:30 Sanctity
26:42 Bodkin Arrow
29:58 Sanctity
29:32 Clerical Recruitment
30:08 Gold Mining
30:08 Stone Mining
31:26 Padded Archer Armor
34:18 Imperial Age
31:56 Town Patrol
32:11 Hand Cart
32:32 Leather Archer Armor
32:50 Scale Mail Armor
33:06 Heavy Plow
34:11 Forging
34:17 Chain Mail Armor
34:44 Onager
36:43 Iron Casting
36:38 Plate Mail Armor
36:53 Conscription
36:55 Ballistics
37:41 Plate Mail Armor
37:01 Capped Ram
38:21 Elite Hearth Troop
39:32 Siege Ram
39:36 Pikeman
40:10 Halberdier
41:44 Squires
41:30 Gambesons
41:30 Arson
42:28 Ballistics
42:37 Bracer
43:07 Ring Archer Armor
43:12 Shield Wall
45:02 Hoardings
slimsadie1831
10:46 Feudal Age
14:11 Castle Age
12:26 Double-Bit Axe
12:28 Horse Collar
19:11 Loom
24:12 Wheelbarrow
24:54 Scale Barding Armor
26:17 Bow Saw
26:56 Chain Barding Armor
27:28 Hand Cart
27:16 Gold Mining
27:17 Stone Mining
31:34 Imperial Age
30:24 Bloodlines
30:15 Husbandry
30:47 Forging
30:49 Heavy Plow
32:14 Double Crossbow
33:11 Coinage
33:19 Iron Casting
33:20 Plate Barding Armor
35:09 Chemistry
34:50 Banking
35:25 Stone Shaft Mining
35:17 Conscription
35:22 Ballistics
35:30 Light Cavalry
36:47 Tusk Swords
38:06 Blast Furnace
38:30 Heavy Scorpion
43:43 Hussar
46:08 Siege Engineers
MkobeW
10:09 Feudal Age
11:10 Horse Collar
13:41 Castle Age
12:21 Double-Bit Axe
18:34 Bow Saw
21:44 Gold Mining
22:14 Stone Mining
22:29 Heavy Plow
23:35 Wheelbarrow
24:54 Stone Shaft Mining
26:24 Hand Cart
25:56 Loom
30:16 Imperial Age
28:13 Scale Barding Armor
28:18 Forging
28:47 Bloodlines
28:37 Husbandry
29:14 Chain Barding Armor
30:30 Iron Casting
30:24 Elite Monaspa
31:47 Conscription
32:03 Aznauri Cavalry
32:41 Plate Barding Armor
33:06 Blast Furnace
33:39 Hoardings
35:12 Blast Furnace
34:42 Fletching
36:08 Ballistics
37:51 Bodkin Arrow
DSLG | Maxteel97
10:48 Feudal Age
14:27 Castle Age
12:38 Double-Bit Axe
23:08 Bow Saw
23:13 Horse Collar
26:42 Wheelbarrow
29:01 Imperial Age
27:20 Masonry
27:13 Fletching
27:13 Town Watch
27:27 Gold Mining
27:54 Bodkin Arrow
28:46 Ballistics
28:34 Padded Archer Armor
28:07 Crossbowman
29:44 Leather Archer Armor
29:43 Thumb Ring
30:57 Chemistry
29:59 Stone Mining
30:02 Arbalester
31:33 Bracer
33:56 Two-Man Saw
32:58 Town Patrol
34:09 Elite Genoese Crossbowman
41:32 Ring Archer Armor
41:30 Loom
42:00 Hand Cart
42:59 Murder Holes
43:34 Architecture
43:15 Fortified Wall
44:43 Treadmill Crane
impossible
9:31 Feudal Age
14:27 Castle Age
14:24 Loom
17:02 Fletching
21:33 Yeomen
22:07 Yeomen
21:51 Bodkin Arrow
27:10 Padded Archer Armor
28:32 Wheelbarrow
28:36 Ballistics
31:04 Masonry
30:34 Treadmill Crane
35:15 Imperial Age
34:40 Leather Archer Armor
35:22 Murder Holes
36:34 Warwolf
37:12 Conscription
38:35 Crossbowman
39:11 Arbalester
40:27 Hand Cart
Connection lost

Rejoining the realm…

Still unreachable

The connection could not be restored.

Session expired

The server has moved on; the page needs a fresh start.